 Dungeon Sprint DCSS version 0.20-a0-842-g939b552 (webtiles) character file.

11777 Musica the Severer (level 11, -2/175 HPs)
             Began as a Minotaur Fighter on Mar 9, 2017.
             Was the Champion of Makhleb.
             Slain by an orange demon (6 damage)
             ... in the Dungeon (Sprint VII: "The Pits").
             The game lasted 00:15:07 (1773 turns).

Musica the Severer (Minotaur Fighter)               Turns: 1773, Time: 00:15:08

Health: -2/175     AC: 13    Str: 27    XL:     11   Next: 53%
Magic:  17/17      EV: 11    Int:  5    God:    Makhleb [******]
Gold:   29         SH: 15    Dex: 12    Spells: 10/10 levels left

rFire    . . .     SeeInvis +   x - +2 war axe (elec)
rCold    . . .     Gourm    .   a - +4 scale mail
rNeg     . . .     Faith    .   c - +0 shield
rPois    .         Spirit   .   (helmet restricted)
rElec    .         Reflect  .   (no cloak)
rCorr    .         Harm     .   (no gloves)
MR       .....     NoTele   +   (no boots)
Stlth    ..........             (no amulet)
Regen    0.4/turn               (no ring)
MPRegen  0.2/turn               d - ring of see invisible

@: berserking, lethally poisoned (-2 -> -11), weakened, very quick
A: retaliatory headbutt, hooves 1, horns 2, iridescent scales 1, evolution 1
a: Minor Destruction, Lesser Servant of Makhleb, Major Destruction, Greater
Servant of Makhleb, Renounce Religion


You were in the Dungeon.
You worshipped Makhleb.
Makhleb was exalted by your worship.
You were not hungry.

You visited 1 branch You collected 29 gold pieces.

Inventory:

Hand Weapons
 b - a +1 broad axe of freezing
 x - a +2 war axe of electrocution (weapon)
Missiles
 r - a javelin (quivered)
 E - a throwing net
Armour
 a - a +4 scale mail (worn)
 c - a +0 shield (worn)
Jewellery
 d - a ring of see invisible (left hand)
 y - an uncursed ring of protection from fire
 z - an uncursed ring of protection from cold
Scrolls
 k - 2 scrolls of blinking
 m - 4 scrolls of remove curse
 n - 5 scrolls of amnesia
 o - a scroll of summoning
 A - a scroll of enchant armour
 B - 2 scrolls of identify
 C - 3 scrolls of fear
 D - a scroll of recharging
Potions
 e - 6 potions of curing
 h - 4 potions of haste
 i - 4 potions of magic
 j - 2 potions of berserk rage
 l - 2 potions of invisibility
 s - 2 potions of mutation
 t - a potion of might
 u - 3 potions of agility
 v - 2 potions of brilliance
 w - a potion of resistance
Comestibles
 f - 8 bread rations
 p - 41 fruits
 q - 7 meat rations


   Skills:
 + Level 17.1 Fighting
 + Level 19.3 Axes
 + Level 5.2 Armour
 + Level 1.8 Dodging
 - Level 16.8 Shields
 * Level 10.1 Invocations


You had 10 spell levels left.
You didn't know any spells.

Dungeon Overview and Level Annotations

Branches:
Dungeon (1/1)

Altars:
Ashenzari
Cheibriados
Dithmenos
Elyvilon
Fedhas
Gozag
Hepliaklqana
Kikubaaqudgha
Makhleb
Nemelex Xobeh
Okawaru
Qazlal
Ru
Sif Muna
Trog
Uskayaw
Vehumet
Wu Jian
Xom
Yredelemnul
Zin
The Shining One
Beogh
Jiyva
Lugonu


Innate Abilities, Weirdness & Mutations

You reflexively headbutt those who attack you in melee.
You have a pair of horns on your head.
You have large cloven feet.
You are partially covered in iridescent scales. (AC +2)
You evolve.


Message History

You are too injured to fight recklessly!
You hit the vampire knight.
You headbutt the vampire knight, but do no damage.
The vampire knight is moderately damaged.
You feel sick.
You slash the vampire knight!
You kick the vampire knight, but do no damage.
Your headbutt misses the vampire knight.
The vampire knight is heavily damaged.
You feel sick. The orange demon barely misses you.
You hit the vampire knight but do no damage.
You kick the vampire knight, but do no damage.
You headbutt the vampire knight, but do no damage.
The vampire knight is heavily damaged.
The vampire knight hits you with a long sword!!
* * * LOW HITPOINT WARNING * * *
The vampire knight bites you but does no damage.
* * * LOW HITPOINT WARNING * * *
You feel sick. The orange demon stings you.
You die...

,,,,,,,,,**,*,,+,**,,************
,,,,,,,,,**,+,,*,**,,*,,*,,*,,,,*
***********,*,,+,**,,*,,*,,**++**
##########*,+,,*,**,,*,,,,,*,,,,*
.....##..#*,**+*,**,,*,,****,,,,*
.....##.†#*,,,,,,**,,*,,+,,,,,,,,
.....')..#*********,.#,,****,,,,,
.....''..##########..#,,,,,*,,***
.....##........†@4...#,,*,,*,,*,,
.....##.........V....#,,*,,*,,+,,
######################***********
################ *###############
#..............###..##....#..#[.#
##......).......#..##.#.#.#..#(.#
####...#)######...##......#..#..#
#..#####.##...##'##.#.#.#.#..#[.#
#....##...#...#...#.......##'##'#


You could see a vampire knight (invisible) and an orange demon.

Vanquished Creatures
  A minotaur (D)
  Harold (D)
  Erolcha (D)
  An orc knight (D)
  A necromancer (D)
  An elephant (D)
  A black mamba (D)
  A spiny frog (shapeshifter) (D)
  A komodo dragon (D)
  A spiny frog (D)
  2 kobold demonologists (D)
  2 efreet (D)
  A demonic crawler (D)
  2 polar bears (D)
  2 tyrant leeches (D)
  A hornet (D)
  4 dream sheep (D)
  2 redbacks (D)
  3 tarantellas (D)
  A fire bat (D)
  2 vampire mosquitoes (D)
  3 wargs (D)
  A soldier ant (D)
  A black bear (D)
  A sky beast (D)
  2 orc warriors (D)
  An ogre (D)
  8 wolves (D)
  2 big kobolds (D)
  Blork the orc (D)
  A gnoll sergeant (D)
  6 killer bees (D)
  4 wights (D)
  2 gnoll shamans (D)
  Crazy Yiuf (D)
  An orc wizard (D)
  An iron imp (D)
  A worker ant (D)
  10 gnolls (D)
  An adder (D)
  A white imp (D)
  An ufetubus (D)
  An ooze (D)
  3 adder skeletons (D)
  An adder zombie (D)
  A leopard gecko (D)
  4 orcs (D)
  2 bat zombies (D)
  A giant cockroach (D)
  A goblin (D)
  A hobgoblin (D)
  A quokka (D)
  2 ball pythons (D)
  A ball python skeleton (D)
  2 kobolds (D)
  A rat (D)
104 creatures vanquished.

Vanquished Creatures (collateral kills)
  Urug (D)
  A manticore (D)
  A basilisk (D)
3 creatures vanquished.

Grand Total: 107 creatures vanquished

Notes
Turn   | Place    | Note
-------+----------+-------------------------------------------
     0 | D        | Musica the Minotaur Fighter began the quest for the Orb.
     0 | D        | Reached XP level 1. HP: 19/19 MP: 0/0
    18 | D        | Found a bloodstained altar of Trog.
    18 | D        | Found a deep blue altar of Sif Muna.
    18 | D        | Found a viscous altar of Jiyva.
    18 | D        | Found a hazy altar of Hepliaklqana.
    18 | D        | Found an opulent altar of Gozag.
    19 | D        | Found a glowing golden altar of the Shining One.
    19 | D        | Found a glowing silver altar of Zin.
    19 | D        | Found a basalt altar of Yredelemnul.
    19 | D        | Found a shimmering altar of Xom.
    19 | D        | Found an ornate altar of the Wu Jian Council.
    19 | D        | Found a sacrificial altar of Ru.
    19 | D        | Found a stormy altar of Qazlal.
    19 | D        | Found an iron altar of Okawaru.
    19 | D        | Found a sparkling altar of Nemelex Xobeh.
    19 | D        | Found a burning altar of Makhleb.
    19 | D        | Found a blossoming altar of Fedhas.
    19 | D        | Found a white marble altar of Elyvilon.
    19 | D        | Found a shadowy altar of Dithmenos.
    19 | D        | Found a snail-covered altar of Cheibriados.
    21 | D        | Found a radiant altar of Vehumet.
    21 | D        | Found a corrupted altar of Lugonu.
    21 | D        | Found a roughly hewn altar of Beogh.
    22 | D        | Found a hide-covered altar of Uskayaw.
    22 | D        | Found an ancient bone altar of Kikubaaqudgha.
    22 | D        | Found a shattered altar of Ashenzari.
    29 | D        | Became a worshipper of Makhleb the Destroyer
    73 | D        | Noticed a worker ant
    76 | D        | Killed a worker ant
    76 | D        | Reached skill level 5 in Fighting
    76 | D        | Reached skill level 3 in Axes
    76 | D        | Reached skill level 5 in Shields
    76 | D        | Reached XP level 2. HP: 21/30 MP: 1/1
   258 | D        | Reached * piety under Makhleb
   273 | D        | Noticed a gnoll sergeant
   279 | D        | Reached skill level 4 in Axes
   279 | D        | Reached XP level 3. HP: 38/38 MP: 2/2
   280 | D        | Killed a gnoll sergeant
   280 | D        | Reached ** piety under Makhleb
   280 | D        | Reached skill level 5 in Axes
   280 | D        | Reached XP level 4. HP: 42/48 MP: 3/3
   288 | D        | Reached *** piety under Makhleb
   288 | D        | Reached skill level 6 in Axes
   288 | D        | Reached XP level 5. HP: 55/56 MP: 4/4
   388 | D        | Reached **** piety under Makhleb
   414 | D        | Noticed an elephant
   423 | D        | Killed an elephant
   423 | D        | Reached ***** piety under Makhleb
   423 | D        | Reached skill level 10 in Axes
   423 | D        | Reached skill level 10 in Shields
   423 | D        | Reached XP level 6. HP: 48/68 MP: 5/5
   423 | D        | Reached XP level 7. HP: 52/74 MP: 6/6
   433 | D        | Reached skill level 11 in Axes
   448 | D        | Noticed a tyrant leech
   448 | D        | Noticed a kobold demonologist
   449 | D        | Noticed a kobold demonologist
   458 | D        | Killed a kobold demonologist
   458 | D        | Reached skill level 12 in Axes
   458 | D        | Killed a kobold demonologist
   458 | D        | Reached skill level 13 in Axes
   458 | D        | Reached XP level 8. HP: 85/85 MP: 7/7
   461 | D        | Reached ****** piety under Makhleb
   465 | D        | Killed a tyrant leech
   503 | D        | Gained mutation: You evolve. [potion of mutation]
   503 | D        | Gained mutation: You are partially covered in iridescent scales. (AC +2) [potion of mutation]
   503 | D        | Gained mutation: Armour fits poorly on your strangely shaped body. [potion of mutation]
   503 | D        | Gained mutation: You have large cloven feet. [potion of mutation]
   631 | D        | Reached skill level 14 in Axes
   631 | D        | Reached skill level 1 in Invocations
   817 | D        | Lost mutation: Armour fits poorly on your strangely shaped body. [evolution]
   837 | D        | Noticed a polar bear
   838 | D        | Noticed Erolcha
   846 | D        | Killed a polar bear
   846 | D        | Reached XP level 9. HP: 93/93 MP: 8/10
   851 | D        | Reached skill level 15 in Axes
   854 | D        | Killed Erolcha
   857 | D        | Reached skill level 16 in Axes
   857 | D        | Reached skill level 5 in Invocations
   896 | D        | Noticed Urug
   896 | D        | Noticed a manticore
   904 | D        | HP: 3/94 [Urug/great mace of distortion (3)]
   905 | D        | HP: 1/94 [manticore (2)]
   908 | D        | Killed a manticore
   924 | D        | Killed Urug
   924 | D        | Reached XP level 10. HP: 42/103 MP: 13/13
  1189 | D        | Noticed Blork the orc
  1197 | D        | Reached skill level 17 in Axes
  1198 | D        | Noticed a black mamba
  1199 | D        | Reached skill level 15 in Shields
  1201 | D        | Killed Blork the orc
  1215 | D        | Killed a black mamba
  1215 | D        | Reached skill level 15 in Fighting
  1241 | D        | Reached skill level 18 in Axes
  1270 | D        | Noticed a necromancer
  1271 | D        | Noticed a minotaur
  1280 | D        | Killed a necromancer
  1284 | D        | Killed a minotaur
  1284 | D        | Reached XP level 11. HP: 77/114 MP: 16/16
  1305 | D        | Noticed Crazy Yiuf
  1324 | D        | Killed Crazy Yiuf
  1348 | D        | Noticed an orc knight
  1365 | D        | Killed an orc knight
  1365 | D        | Reached skill level 19 in Axes
  1680 | D        | Noticed Harold
  1715 | D        | Killed Harold
  1715 | D        | Reached skill level 1 in Dodging
  1742 | D        | Reached skill level 10 in Invocations
  1752 | D        | Noticed a vampire knight
  1757 | D        | Reached skill level 5 in Armour
  1765 | D        | HP: 4/117 [vampire knight/long sword (10)]
  1765 | D        | HP: 1/117 [orange demon (3)]
  1772 | D        | HP: 4/175 [vampire knight/long sword (22)]
  1773 | D        | Slain by an orange demon

Vault maps used:
D:        pitsprint

Skill      XL: |  1  2  3  4  5  6  7  8  9 10 11 |
---------------+----------------------------------+-----
Fighting       | 5 6 7 8 11 12 13 14 15 17 | 17.1
Shields        | 5 7 10 12 13 14 16 | 16.8
Axes           | 3 4 5 6 10 13 14 16 18 19 | 19.3
Invocations    | 2 6 8 10 | 10.1
Armour         | 5 |  5.2
Dodging        | 1 |  1.8

Action                   |  1- 3 |  4- 6 |  7- 9 | 10-12 || total
-------------------------+-------+-------+-------+-------++-------
Melee: War axe           |    15 |    10 |       |    20 ||    45
       Headbutt          |     4 |     7 |    11 |    29 ||    51
       Hand axe          |       |    18 |    23 |       ||    41
       Broad axe         |       |       |    57 |   103 ||   160
       Kick              |       |       |    14 |    42 ||    56
Throw: Javelin           |       |       |       |     5 ||     5
Invok: Lesser Servant of |       |       |     2 |     1 ||     3
  Use: Potion            |     1 |     1 |     5 |    10 ||    17
       Scroll            |       |       |       |     1 ||     1
  Eat: Chunk             |       |       |       |     2 ||     2
       Fruit             |       |       |       |     1 ||     1
Armor: Scale mail        |     6 |    11 |    30 |    53 ||   100
Dodge: Dodged            |     5 |    13 |    18 |    54 ||    90
Block: Shield            |     7 |    13 |    46 |   111 ||   177
